 Dungeon Crawl Stone Soup version 0.15.0-18-g9076a4f (webtiles) character file.

17750 Charly the Archer (level 12, -1/104 HPs)
             Began as a Centaur Hunter on Sept 7, 2014.
             Was a High Priest of Kikubaaqudgha.
             Slain by a black mamba (18 damage)
             ... on Level 8 of the Lair of Beasts.
             The game lasted 02:00:11 (7369 turns).

Charly the Archer (Centaur Hunter)                  Turns: 7369, Time: 02:00:12

HP  -1/104       AC  9     Str 17      XL: 12   Next: 21%
MP   7/22        EV  9     Int 14      God: Kikubaaqudgha [*****.]
Gold 378         SH  0     Dex 10      Spells:  5 memorised,  4 levels left

rFire  . . .     SeeInvis +     b - +2 shortbow "Pniocs" {flame, rPois}
rCold  . . .     Clarity  +     q - +1 leather armour {rN+}
rNeg   + . .     rCorr    .     (no shield)
rPois  +         rRot     .     (no helmet)
rElec  .         Spirit   .     o - +1 cloak
SustAb .         Warding  .     D - +1 pair of gloves
rMut   .         Stasis   .     (no barding)
Gourm  .                        (no amulet)
MR     .....                    x - ring of see invisible
                                s - +1 ring of strength

@: very quick, not resistant to hostile enchantments, very unstealthy
A: hooves 3, clarity, deformed body, speed 2, tough skin 3
a: Receive Corpses, Torment, Renounce Religion


You were on level 8 of the Lair of Beasts.
You worshipped Kikubaaqudgha.
Kikubaaqudgha was extremely pleased with you.
You were not hungry.

You visited 3 branches of the dungeon, and saw 18 of its levels.

You collected 638 gold pieces.
You spent 260 gold pieces at shops.

Inventory:

Hand weapons
 a - the +3 mace "Ocurid" {crush, rElec Int+4}
   (You found it on level 8 of the Dungeon)

   It inflicts extra damage upon your enemies.
   It affects your intelligence (+4).
   It insulates you from electricity.
 b - the +2 shortbow "Pniocs" (weapon) {flame, rPois}
   (You bought it in a shop on level 7 of the Dungeon)

   It turns projectiles fired from it into bolts of flame.
   It protects you from poison.
Missiles
 c - an arrow (quivered)
Armour
 e - a troll hide
 o - a +1 cloak (worn)
 q - a +1 leather armour of positive energy (worn)
 D - a +1 pair of gloves (worn)
Magical devices
 h - a wand of confusion (12)
 C - a wand of flame (7)
 I - a wand of confusion (15)
 K - a wand of fire (6)
Comestibles
 f - 6 bread rations
 i - a rotting chunk of water moccasin flesh
 k - 8 meat rations
 u - a rotting chunk of quokka flesh
 v - 2 royal jellies
 z - 4 chunks of komodo dragon flesh
 A - 2 chunks of spiny frog flesh
 B - 4 fruits
Scrolls
 j - a scroll of remove curse
 l - 3 scrolls of teleportation
 m - 5 scrolls of fear
 n - a scroll of recharging
Jewellery
 s - a +1 ring of strength (left hand)
 x - a ring of see invisible (right hand)
Potions
 g - 4 potions of curing
 p - a potion of agility
 r - 4 potions of brilliance
 t - 2 potions of cure mutation
 w - a potion of haste {unknown}
 G - a potion of berserk rage
 N - a potion of flight {unknown}
Books
 y - Kikubaaqudgha's Compendium of Unholy Magic
   (Kikubaaqudgha gifted it to you on level 8 of the Dungeon)

   Spells                             Type                      Level
   *Animate Skeleton                  Necromancy                   1
   Corpse Rot                         Necromancy                   2
   *Sublimation of Blood              Necromancy                   2
   *Regeneration                      Charms/Necromancy            3
   Control Undead                     Necromancy                   4
 F - a book of Clouds

   Spells                             Type                      Level
   Mephitic Cloud                     Conjuration/Poison/Air       3
   Conjure Flame                      Conjuration/Fire             3
   Poisonous Cloud                    Conjuration/Poison/Air       6
   Freezing Cloud                     Conjuration/Ice/Air          6
   Ring of Flames                     Charms/Fire                  7
 L - Kikubaaqudgha's Guide on Evil Arts
   (Kikubaaqudgha gifted it to you on level 9 of the Dungeon)

   Spells                             Type                      Level
   Animate Dead                       Necromancy                   4
   Excruciating Wounds                Charms/Necromancy            5
   *Agony                             Necromancy                   5
   Dispel Undead                      Necromancy                   5
   *Simulacrum                        Ice/Necromancy               6
Magical staves
 J - an uncursed staff of death


   Skills:
 - Level 9.0 Fighting
 - Level 14.0 Bows
 - Level 1.3 Dodging
 - Level 0.5 Stealth
 - Level 5.0 Spellcasting
 - Level 4.1 Charms
 * Level 11.1 Necromancy
 + Level 2.1 Ice Magic


You had 4 spell levels left.
You knew the following spells:

 Your Spells              Type           Power        Failure   Level  Hunger
a - Animate Skeleton      Necr           N/A          1%          1    None
m - Sublimation of Blood  Necr           ####......   1%          2    ##.....
r - Regeneration          Chrm/Necr      ###.......   2%          3    ###....
s - Simulacrum            Ice/Necr       ###.......   99%         6    #######
A - Agony                 Necr           ####....     8%          5    #####..


Dungeon Overview and Level Annotations

Branches:
Dungeon (9/15)             Temple (1/1) D:4             Orc (0/4) D:9
   Lair (8/8) D:9           Swamp (0/5) Lair:4        Snake (0/5) Lair:3
  Slime: Lair:6-8

Altars:
Ashenzari
Cheibriados
Dithmenos
Elyvilon
Fedhas
Kikubaaqudgha
Makhleb
Nemelex Xobeh
Okawaru
Sif Muna
Trog
Xom
Yredelemnul
Zin
The Shining One

Shops:
D:5 *   D:7 *

Annotations:
Lair:4 Gigax's ghost, powerful OpGl


Innate Abilities, Weirdness & Mutations

You have hooves in place of feet.
Armour fits poorly on your strangely shaped body.
You cover ground very quickly.
You have extremely tough skin (AC +3).
You possess an exceptional clarity of mind.


Message History

You shoot an arrow.
The arrow closely misses the black mamba.
The black mamba completely misses you.
Firing (i - inventory):
c - 2 arrows (quivered)
Press: ? - help, Shift-Dir - straight line, f/p - black mamba
Aim: a black mamba (almost dead)
You shoot an arrow. The arrow hits the black mamba.
The arrow burns the black mamba.
The black mamba is almost dead.
The black mamba bites you but does no damage.
The black mamba bites you!
* * * LOW HITPOINT WARNING * * *
You are lethally poisoned!
The black mamba poisons you!
Drink which item? (? for menu, Esc to quit)
You feel better. The black mamba bites you.
* * * LOW HITPOINT WARNING * * *
The black mamba bites you!!
You die...
Kikubaaqudgha rasps: "You have failed me!
Welcome... death!"

........#.....P......P...........
....PP.......................%...
P............P..........###...###
,................#############.##
,.#.............### ###...###*
,*#...............## ##......##,
,,..............%..# ##........#,
,,,....P.P........####.........#.
,,,,.P#PPPP.....@..##P......D.(#.
,,,,...PPPP.....S.###....#..#.k..
,,,PPP.PPPP..%.D..##.....#.#.#...
,,,,PP.P#PP.#.....##P.D..#...##..
,,,,,.#####...###.####...#...#,..
,,,,,*##....#...#(..#...######*#.
,,,,**#.............#.....# *,,,.
,,,,* #.........#(..#.....#**,,,.
,,,,**##.........###%.....#*,,,,,


You could see a six-headed hydra and a black mamba.

Vanquished Creatures
  A hydra (Lair:7)
  A wolf spider (Lair:4)
  A black mamba (Lair:4)
  6 elephants
  6 spiny frogs
  A torpor snail (Lair:8)
  5 komodo dragons
  A fire drake (Lair:8)
  2 trolls (D:9)
  A bog body (Lair:4)
  A boulder beetle (Lair:8)
  4 basilisks
  6 blink frogs
  A wyvern (Lair:8)
  5 yaks
  4 hippogriffs
  A steam dragon (D:8)
  A naga (Lair:3)
  9 water moccasins
  A spiny frog skeleton (Lair:8)
  2 ice beasts
  3 orc warriors (D:9)
  2 sky beasts
  5 porcupines
  5 crocodiles
  4 ogres
  3 boring beetles (Lair:8)
  10 giant frogs
  A big kobold (D:9)
  4 centaurs
  4 scorpions
  A cyclops skeleton (D:9)
  A water moccasin skeleton (Lair:8)
  A yak skeleton (D:9)
  A crimson imp (D:9)
  2 jellies
  A giant frog zombie (D:9)
  3 goliath beetles
  6 hounds
  4 iguanas
  4 orc wizards
  5 orc priests
  4 worker ants
  9 sheep
  8 adders
  A gnoll (D:1)
  51 green rats
  5 giant mites
  40 orcs
  A bat zombie (D:5)
  2 giant cockroaches
  2 goblins
  7 hobgoblins
  5 jackals
  3 quokkas
  5 bats
  2 giant geckos
  A giant newt (D:1)
  A hobgoblin zombie (D:6)
  9 kobolds
  An orc zombie (D:8)
  2 rats
  A rat skeleton (D:7)
  A fungus (Lair:7)
  4 plants
295 creatures vanquished.

Vanquished Creatures (collateral kills)
  A spiny frog (Lair:6)
  A komodo dragon (Lair:4)
  A basilisk (Lair:8)
  A hippogriff (Lair:7)
  A wolf (Lair:8)
  A water moccasin (Lair:7)
  A giant frog (Lair:7)
  A hippogriff skeleton (Lair:8)
  2 green rats
  3 adders (Lair:4)
  2 giant mites (Lair:4)
  A quokka (Lair:4)
16 creatures vanquished.

Vanquished Creatures (others)
  A black mamba skeleton (Lair:4)
  A spiny frog skeleton (Lair:6)
  2 komodo dragon skeletons
  A wyvern skeleton (Lair:8)
  3 water moccasin skeletons
  A wolf skeleton (Lair:8)
  A basilisk skeleton (Lair:8)
  2 green rat skeletons (Lair:4)
  A quokka skeleton (Lair:8)
  A fungus (Lair:3)
  3 plants (Lair:4)
17 creatures vanquished.

Grand Total: 328 creatures vanquished

Notes
Turn   | Place    | Note
--------------------------------------------------------------
     0 | D:1      | Charly, the Centaur Hunter, began the quest for the Orb.
     0 | D:1      | Reached XP level 1. HP: 16/16 MP: 1/1
     9 | D:1      | Reached XP level 2. HP: 23/23 MP: 2/2
    26 | D:1      | Reached skill level 6 in Bows
   262 | D:3      | Found a shattered altar of Ashenzari.
   273 | D:3      | Reached XP level 3. HP: 19/28 MP: 3/3
   284 | D:3      | Found a glowing silver altar of Zin.
   285 | D:3      | Found a white marble altar of Elyvilon.
   351 | D:4      | Found a staircase to the Ecumenical Temple.
   351 | D:4      | Noticed a scorpion
   352 | D:4      | Noticed an ogre
   377 | D:4      | Killed a scorpion
   377 | D:4      | Reached skill level 7 in Bows
   377 | D:4      | Reached XP level 4. HP: 32/35 MP: 3/3
   378 | D:4      | Killed an ogre
   378 | D:4      | Reached skill level 8 in Bows
   378 | D:4      | Reached XP level 5. HP: 36/40 MP: 4/4
   406 | Temple   | Entered the Ecumenical Temple
   454 | Temple   | Became a worshipper of Kikubaaqudgha
   489 | D:5      | Entered Level 5 of the Dungeon
   615 | D:5      | Reached skill level 9 in Bows
   633 | D:5      | Noticed a sky beast
   657 | D:5      | Killed a sky beast
   657 | D:5      | Reached XP level 6. HP: 43/48 MP: 5/5
   786 | D:5      | Found Muefal's General Store.
   791 | D:5      | Bought a scroll of teleportation for 39 gold pieces
   791 | D:5      | Bought a scroll of fear for 45 gold pieces
  1304 | D:7      | Reached skill level 10 in Bows
  1304 | D:7      | Reached XP level 7. HP: 57/57 MP: 5/5
  1526 | D:8      | Acquired Kikubaaqudgha's first power
  1526 | D:8      | Received a gift from Kikubaaqudgha
  1528 | D:8      | Reached skill level 5 in Fighting
  1528 | D:8      | Reached skill level 11 in Bows
  1529 | D:8      | Identified Kikubaaqudgha's Compendium of Unholy Magic (Kikubaaqudgha gifted it to you on level 8 of the Dungeon)
  1533 | D:8      | Learned a level 1 spell: Animate Skeleton
  1537 | D:8      | Learned a level 3 spell: Regeneration
  1621 | D:8      | Reached skill level 1 in Charms
  1621 | D:8      | Reached skill level 1 in Necromancy
  1621 | D:8      | Reached XP level 8. HP: 37/68 MP: 6/6
  1892 | D:7      | Found Khiaxito's Assorted Antiques.
  2482 | D:8      | Got a transparent mace
  2483 | D:8      | Identified the +3 mace "Ocurid" {crush, rElec Int+4} (You found it on level 8 of the Dungeon)
  2560 | D:8      | Noticed a yak
  2561 | D:8      | Noticed a yak
  2562 | D:8      | Noticed a yak
  2563 | D:8      | Noticed a yak
  2607 | D:7      | Bought a crystal shortbow for 176 gold pieces
  2608 | D:7      | Identified the cursed +2 shortbow "Pniocs" {flame, rPois} (You bought it in a shop on level 7 of the Dungeon)
  2691 | D:8      | Reached skill level 12 in Bows
  2712 | D:8      | Killed a yak
  2712 | D:8      | Reached XP level 9. HP: 74/74 MP: 7/7
  2723 | D:8      | Killed a yak
  2742 | D:8      | Killed a yak
  2768 | D:8      | Killed a yak
  2862 | D:8      | Acquired Kikubaaqudgha's second power
  3054 | D:9      | Found a staircase to the Orcish Mines.
  3146 | D:9      | Reached skill level 5 in Necromancy
  3414 | D:9      | Reached skill level 13 in Bows
  3552 | D:9      | Noticed an elephant
  3572 | D:9      | Killed an elephant
  3572 | D:9      | Reached XP level 10. HP: 77/84 MP: 7/7
  3596 | D:9      | Received a gift from Kikubaaqudgha
  3608 | D:9      | Identified Kikubaaqudgha's Guide on Evil Arts (Kikubaaqudgha gifted it to you on level 9 of the Dungeon)
  3630 | D:9      | Found a staircase to the Lair.
  3721 | D:9      | Gained mutation: You possess an exceptional clarity of mind. [potion of beneficial mutation]
  3779 | Lair:1   | Entered Level 1 of the Lair of Beasts
  3997 | Lair:2   | Reached skill level 1 in Spellcasting
  4054 | Lair:2   | Got a jewelled dagger
  4158 | Lair:3   | Got an encrusted buckler
  4411 | Lair:3   | Reached skill level 14 in Bows
  4412 | Lair:3   | Found a staircase to the Snake Pit.
  4440 | Lair:3   | Acquired Kikubaaqudgha's third power
  4509 | Lair:3   | Learned a level 5 spell: Agony
  4870 | Lair:3   | Reached XP level 11. HP: 80/92 MP: 14/18
  4995 | Lair:3   | Learned a level 6 spell: Simulacrum
  5121 | Lair:4   | Found a staircase to the Swamp.
  5274 | Lair:4   | Acquired Kikubaaqudgha's fourth power
  5451 | Lair:4   | Noticed Gigax's ghost (powerful OpGl)
  5621 | Lair:4   | Learned a level 2 spell: Sublimation of Blood
  5861 | Lair:4   | Identified the +5 dagger "Buaxafid" {stab, Dex+1} (You found it on level 2 of the Lair of Beasts)
  5868 | Lair:4   | Identified the +0 buckler "Volyapuv" {Dex-4 Int+4} (You found it on level 3 of the Lair of Beasts)
  6060 | Lair:6   | Reached skill level 10 in Necromancy
  6375 | Lair:7   | Noticed a five-headed hydra
  6404 | Lair:7   | Killed a five-headed hydra
  6699 | Lair:7   | Reached XP level 12. HP: 67/104 MP: 22/22
  6715 | Lair:8   | Entered Level 8 of the Lair of Beasts
  6743 | Lair:8   | Reached skill level 5 in Spellcasting
  6784 | Lair:8   | Reached skill level 1 in Ice Magic
  7333 | Lair:8   | Noticed a six-headed hydra
  7369 | Lair:8   | Slain by a black mamba

Action                   |  1- 3 |  4- 6 |  7- 9 | 10-12 || total
-------------------------+-------+-------+-------+-------++-------
Melee: Mace              |       |       |       |   259 ||   259
 Fire: Shortbow          |    59 |   165 |   423 |   569 ||  1216
 Cast: Regeneration      |       |       |    10 |    41 ||    51
       Agony             |       |       |       |    41 ||    41
       Sublimation of Bl |       |       |       |    34 ||    34
       Animate Skeleton  |       |       |       |    18 ||    18
Invok: Receive Corpses   |       |       |       |     4 ||     4
Evoke: Wand              |       |     1 |     2 |     9 ||    12
  Use: Scroll            |       |       |     6 |    12 ||    18
       Potion            |       |       |       |     3 ||     3
 Stab: Distracted        |       |       |       |     1 ||     1
  Eat: Chunk             |       |       |     7 |    26 ||    33
       Beef jerky        |       |       |       |     1 ||     1
       Pizza             |       |       |       |     3 ||     3
